Map: Frozen Temple

Players

Fropez

  • Race: Protoss Protoss
  • League: Gold
  • Spawn Location: 11:00

Locnar - Winner!

  • Race: Terran Terran
  • League: Gold
  • Spawn Location: 5:00

VOD

Have the link to the VOD?

Description

Time

  • Played on: Sept. 21, 2016, 4:23 p.m.
  • Length: 2:56
Show
View Real Time Build Order
Export as new Build Order

Fropez Protoss 

Build Orders: 1 Gate Expand 

Get SALT Encoding   

  12  0:01  Probe (Chrono Boost)  
  13  0:18  Pylon, Probe (Chrono Boost)  
  14  0:29  Probe (Chrono Boost)  
  15  0:37  Gateway  
  15  0:42  Probe (Chrono Boost)  
  16  0:52  Probe (Chrono Boost)  
  17  1:13  Nexus  
  17  1:22  Pylon  
  17  1:29  Cybernetics Core  
  17  1:33  Probe (Chrono Boost)  
  18  1:40  Assimilator  
  18  1:44  Probe (Chrono Boost)  
  19  1:47  Assimilator  
  19  1:54  Probe (Chrono Boost)  
  20  2:05  Probe (Chrono Boost)  
  20  2:06  Pylon  
  21  2:21  Pylon  
  21  2:30  Probe (Chrono Boost)  
  21  2:32  Probe (Chrono Boost)  
  23  2:49  Assimilator  
  24  2:51  Assimilator  
Show
View Real Time Build Order
Export as new Build Order

Locnar Terran - Winner!

Build Orders:  

Get SALT Encoding   

  12  0:01  SCV  
  13  0:13  SCV  
  14  0:23  Supply Depot  
  14  0:30  SCV  
  15  0:45  SCV  
  15  0:47  Refinery  
  16  0:54  Supply Depot  
  16  1:06  Barracks  
  16  1:10  SCV  
  17  1:22  SCV  
  17  1:23  Refinery  
  18  1:34  SCV  
  19  1:48  SCV  
  19  1:54  Marine  
  21  2:03  Engineering Bay  
  21  2:05  Orbital Command  
  21  2:11  Marine  
  22  2:29  Marine  
  23  2:38  Bunker  
Tags
 
League
GoldGold
Matchup
PvT
Replay Pack
All Mines
Spawn Locations
Cross Positions
Add a new tag
Caveats
  • Supply blocks, unpowered buildings, or Contaminate may cause inaccurate times.
  • Supply counts are checked every 10 seconds.